 Dungeon Crawl Stone Soup version 0.30-a0-341-g682706514a (webtiles) character file.

Game seed: 14793608480197508102

1487 Lobster4 the Fighter (level 8, -10/89 HPs)
             Began as an Ogre Gladiator on Nov 3, 2022.
             Mangled by an orc warrior
             ... wielding a +0 halberd
              (12 damage)
             ... on level 6 of the Dungeon.
             The game lasted 00:16:09 (5672 turns).

Lobster4 the Fighter (Ogre Gladiator)               Turns: 5672, Time: 00:16:10

Health: -10/89     AC:  4    Str: 21    XL:     8   Next: 80%
Magic:  8/8        EV: 11    Int:  9    God:
Gold:   332        SH:  0    Dex: 10    Spells: 7/7 levels left

rFire   . . .      SeeInvis .    a - +2 trident (vorpal)
rCold   . . .      Faith    .    (no shield)
rNeg    . . .      Spirit   .    A - +0 robe
rPois   .          Reflect  .    c - +1 hat
rElec   .          Harm     .    (no cloak)
rCorr   .          Rampage  .    (gloves unavailable)
Will    .....                    (boots unavailable)
Stlth   +.........               (no amulet)
HPRegen 0.34/turn                (no ring)
MPRegen 0.11/turn                (no ring)

@: no status effects
A: large, unfitting armour, tough skin 1
a: no special abilities


You were on level 6 of the Dungeon.
You visited 1 branch of the dungeon, and saw 6 of its levels.
You also visited: Ossuary.

You collected 332 gold pieces.

Inventory:

Hand Weapons
 a - a +2 vorpal trident (weapon)
 b - a +0 shortbow
 o - a +0 sling
 s - a +0 giant spiked club
 v - a +0 giant club
 x - a +1 war axe
Missiles
 d - 2 throwing nets (quivered)
 e - a large rock
 i - 45 stones
 r - 4 boomerangs
Armour
 c - a +1 hat (worn)
 A - a +0 robe (worn)
Magical Staves
 f - a staff of conjuration
Scrolls
 n - 2 scrolls of teleportation
Potions
 g - a potion of cancellation
 k - 7 potions of curing
 l - 3 potions of flight {unknown}
 m - 3 potions of attraction {unknown}
 p - 2 potions of heal wounds {unknown}
 q - a potion of resistance
 t - 3 potions of brilliance
 u - 3 potions of haste


   Skills:
 * Level 8.7 Fighting
 - Level 5.3(5.5) Axes
 + Level 1.7(3.5) Maces & Flails
 + Level 5.1 Throwing
 + Level 5.1 Dodging
 + Level 0.9 Evocations


You had 7 spell levels left.
You didn't know any spells.
Your spell library was empty.

Dungeon Overview and Level Annotations

Branches:
Dungeon (6/15)            Ossuary (visited)
 Temple: D:4-7

Altars:
Cheibriados


Innate Abilities, Weirdness & Mutations

You are too large for most types of armour.
You have tough skin. (AC +1)


Message History

You throw a poisoned dart. The poisoned dart hits the white imp.
The orc warrior closely misses you.
You barely miss the orc warrior.
The orc warrior is severely wounded.
The orc warrior hits you with a +0 halberd!
You barely miss the orc warrior.
The orc warrior is severely wounded.
The orc warrior hits you with a +0 halberd!
You closely miss the orc warrior.
The orc warrior is severely wounded.
The orc warrior closely misses you. The white imp gestures at you.
The puff of frost hits you!
You barely miss the orc warrior.
The orc warrior is severely wounded.
The orc warrior hits you with a +0 halberd!
The white imp gestures at you. The puff of frost hits you!
You closely miss the orc warrior.
The orc warrior is severely wounded.
The orc warrior closely misses you.
The white imp hits you but does no damage.
You barely miss the orc warrior.
The orc warrior is severely wounded.
The orc warrior barely misses you. The white imp misses you.
You barely miss the orc warrior.
The orc warrior is severely wounded.
The orc warrior hits you with a +0 halberd!
* * * LOW HITPOINT WARNING * * *
The white imp gestures at you. The puff of frost hits you!
* * * LOW HITPOINT WARNING * * *
The white imp misses you.
The orc warrior hits you with a +0 halberd.
* * * LOW HITPOINT WARNING * * *
As you read the scroll of fear, it crumbles to dust.
You assume a fearsome visage.
The white imp looks frightened!
The orc warrior resists with some effort.
The orc warrior hits you with a +0 halberd!
You die...

#...........# ..##
#.....##...##
....##...........#
#............##..#.
....#..............#
#..##....######.##
#####)......## ...
..........#..# ###
#...o@<..#....
......#5##.#...>..
...?....##....Y....
##..†.######.)...).
.(.... ....... .(((#
....... #(.. ### ..


You could see an orc warrior (very poisoned) and a white imp (fleeing).

Vanquished Creatures
  A sky beast (D:6)
  A black bear (D:4)
  2 ogres
  A centaur (D:5)
  A phantom (D:6)
  2 scorpions
  3 jellies (D:5)
  2 centaur zombies (Ossuary)
  3 hounds
  3 orc priests
  2 gnoll boudas (D:5)
  2 human zombies (Ossuary)
  An iguana (D:5)
  2 orc wizards
  2 mummies (Ossuary)
  10 gnolls
  9 adders
  An ufetubus (D:5)
  An adder zombie (Ossuary)
  A worm (D:2)
  5 dart slugs
  15 orcs
  10 ball pythons
  4 bats
  5 endoplasms
  2 giant cockroaches
  4 goblins
  12 hobgoblins
  6 kobolds
  A quokka (D:1)
  5 frilled lizards
  15 hobgoblin zombies (Ossuary)
  2 jackal zombies (Ossuary)
  5 kobold zombies (Ossuary)
  10 orc zombies (Ossuary)
  7 rats
158 creatures vanquished.

Notes
Turn   | Place    | Note
-------+----------+-------------------------------------------
     0 | D:1      | Lobster4 the Ogre Gladiator began the quest for the Orb.
     0 | D:1      | Reached XP level 1. HP: 22/22 MP: 1/1
    61 | D:1      | Found a faded altar of an unknown god.
    74 | D:1      | Reached XP level 2. HP: 10/29 MP: 2/2
    76 | D:1      | Reached skill level 3 in Fighting
   324 | D:1      | Reached XP level 3. HP: 24/37 MP: 3/3
  1038 | D:2      | Reached XP level 4. HP: 46/46 MP: 4/4
  2070 | D:3      | Reached skill level 4 in Fighting
  2070 | D:3      | Reached XP level 5. HP: 39/54 MP: 5/5
  2760 | D:4      | Noticed a black bear
  2770 | D:4      | Killed a black bear
  2771 | D:4      | Reached XP level 6. HP: 56/65 MP: 6/6
  2926 | D:4      | Reached skill level 5 in Fighting
  3166 | D:4      | Reached skill level 6 in Fighting
  3166 | D:4      | Reached XP level 7. HP: 75/75 MP: 7/7
  3329 | D:4      | Found a snail-covered altar of Cheibriados.
  3450 | D:5      | Entered Level 5 of the Dungeon
  3463 | D:5      | Found a sand-covered staircase.
  3476 | Ossuary  | Entered an ossuary
  3741 | Ossuary  | Reached skill level 1 in Maces & Flails
  4063 | D:5      | Reached skill level 7 in Fighting
  4227 | D:5      | Reached XP level 8. HP: 67/87 MP: 8/8
  4363 | D:5      | Reached skill level 5 in Axes
  5236 | D:5      | Reached skill level 8 in Fighting
  5534 | D:6      | Reached skill level 5 in Dodging
  5558 | D:6      | Reached skill level 5 in Throwing
  5671 | D:6      | HP: 1/89 [orc warrior/+0 halberd (6)]
  5672 | D:6      | Mangled by an orc warrior

Illustrated notes

Levels and vault maps discovered:
D:1:      dpeg_arrival_arbitrary_c, layout_loops_ring,
          ebering_ecumenical_altar_webs
D:2:      layout_basic, minmay_increasing_density
D:3:      layout_loops_ring, amethyst_killhole
D:4:      layout_gridville, cheibriados_altar_1, eino_tiny_chamber
D:5:      layout_basic, nicolae_ossuary_entry_monument,
          nicolae_fountain_basement
D:6:      layout_rooms, mainiacjoe_overflow_tiny_flanked, temple_statues

Skill      XL: |  1  2  3  4  5  6  7  8 |
---------------+-------------------------+-----
Fighting       | 3 4 6 7 8 |  8.7
Dodging        | 3 4 5 |  5.1
Throwing       | 3 4 5 |  5.1
Axes           | 4 5 |  5.3
Maces & Flails | 1 |  1.7
Evocations     | |  0.9

Action                   |  1- 3 |  4- 6 |  7- 9 || total
-------------------------+-------+-------+-------++-------
Melee: War axe           |   102 |   134 |   149 ||   385
       Punch             |     2 |     1 |     3 ||     6
       Trident           |       |       |    61 ||    61
Throw: Throwing net      |       |     2 |       ||     2
       Boomerang         |       |    15 |    33 ||    48
       Dart              |       |    11 |     8 ||    19
  Use: Scroll            |     5 |     5 |     9 ||    19
       Potion            |       |     1 |     1 ||     2
 Stab: Sleeping          |     1 |       |     2 ||     3
       Distracted        |       |     1 |       ||     1
Armor: Robe              |    23 |    42 |    62 ||   127
       Skin              |       |       |    31 ||    31
Dodge: Dodged            |    56 |    67 |   132 ||   255

Table legend: (Time is in decaauts)
 A = Elapsed time spent in this place.
 B = Non-inter-level travel time spent in this place.
 C = Inter-level travel time spent in this place.
 D = Time resting spent in this place.
 E = Time spent auto-exploring this place.
 F = Levels seen in this place.
 G = Mean time per level.
                   A        B        C        D        E       F      G
               +--------+--------+--------+--------+--------+-----+--------+
         Total |   5798 |   5469 |    329 |    903 |   3287 |   7 |  828.3 |
       Dungeon |   5384 |   5055 |    329 |    762 |   3229 |   6 |  897.3 |
       Ossuary |    413 |    413 |      0 |    141 |     58 |   1 |  413.0 |
               +--------+--------+--------+--------+--------+-----+--------+

Top non-repeatable levels by time:
     D:5: 1446 daAuts
     D:4: 1096 daAuts
     D:2: 1092 daAuts
     D:1: 876 daAuts
     D:3: 713 daAuts
 Ossuary: 413 daAuts
     D:6: 159 daAuts
